AoeStats
← tarepo

MegaRandom

504202047Analyzed
1v1 RM · 26d ago on Sep 4, 2026· 44m 22s· 2 players
Game mode
Random Map
Map size
Tiny (2 player)
Population
200
Speed
Normal
Resources
Standard
Victory
Conquest
Starting age
Dark Age
Ending age
Imperial Age
RankedLock teamsTeams togetherTeam positionsShared explorationLock speedFull tech treeHidden civsTurbo modeCheats
Victory
Defeat
🇮🇹 Franks · Italy
450
+16
🇨🇭 Persians · Switzerland
450
-16
age Walter
12:23 Feudal Age
13:43 Man-at-Arms
14:22 Double-Bit Axe
18:27 Forging
18:18 Scale Mail Armor
21:59 Scale Barding Armor
29:55 Castle Age
29:00 Wheelbarrow
28:18 Arson
29:37 Stone Mining
31:54 Iron Casting
31:34 Chain Mail Armor
32:26 Bow Saw
32:44 Pikeman
32:45 Long Swordsman
37:24 Medium Warships
46:24 Imperial Age
tarepo
3:10 Loom
12:28 Feudal Age
19:55 Castle Age
17:49 Double-Bit Axe
17:46 Horse Collar
18:58 Gold Mining
19:05 Stone Mining
21:40 Wheelbarrow
24:10 Bow Saw
24:03 Heavy Plow
25:41 Gambesons
25:16 Man-at-Arms
26:52 Scale Mail Armor
27:08 Pikeman
27:48 Squires
28:04 Long Swordsman
31:09 Hand Cart
30:42 Town Watch
32:20 Husbandry
32:30 Bloodlines
33:07 Chain Mail Armor
33:03 Forging
32:59 Scale Barding Armor
33:39 Arson
35:25 Iron Casting
35:10 Chain Barding Armor
35:19 Light Cavalry
43:36 Imperial Age
41:08 Town Patrol
44:53 Blast Furnace
44:30 Plate Barding Armor
45:17 Two-Man Saw
44:52 Plate Mail Armor
44:23 Padded Archer Armor
45:19 Stone Shaft Mining
Connection lost

Rejoining the realm…

Still unreachable

The connection could not be restored.

Session expired

The server has moved on; the page needs a fresh start.